 Dungeon Crawl Stone Soup version 0.20-a0-924-gfa95efa (webtiles) character file.

6071 umky the Cleaver (level 10, -3/80 HPs)
             Began as a Demonspawn Skald on Mar 27, 2017.
             Was a Priest of Wu Jian.
             Slain by a polar bear (19 damage)
             ... on level 1 of the Lair of Beasts.
             The game lasted 01:32:10 (10743 turns).

umky the Cleaver (Demonspawn Skald)                Turns: 10743, Time: 01:32:11

Health: -3/80      AC:  7    Str: 14    XL:     10   Next: 57%
Magic:  17/19      EV: 23    Int: 22    God:    Wu Jian [***...]
Gold:   168        SH:  0    Dex: 20    Spells: 11/22 levels left

rFire    + + .     SeeInvis .   J - +2 war axe
rCold    . . .     Gourm    .   (no shield)
rNeg     . . .     Faith    .   I - +1 leather armour {rF+}
rPois    .         Spirit   .   q - +0 helmet
rElec    .         Reflect  .   (no cloak)
rCorr    .         Harm     .   l - +1 pair of gloves {Dex+3}
MR       .....                  (boots unavailable)
Stlth    ++........             n - amulet of regeneration
Regen    0.7/turn               B - ring of flight
MPRegen  0.2/turn               p - +6 ring of intelligence

@: agile, very slightly contaminated
A: hooves 3, repulsion field 2, fire resistance 1
a: Renounce Religion, Evoke Flight


You were on level 1 of the Lair of Beasts.
You worshipped Wu Jian.
Wu Jian was most pleased with you.
You were very hungry.

You visited 3 branches of the dungeon, and saw 10 of its levels.

You collected 505 gold pieces.
You spent 337 gold pieces at shops.

Inventory:

Hand Weapons
 D - a +0 shortbow
 H - a cursed +5 long sword
 J - a +2 war axe (weapon)
 L - a +0 shortbow
Missiles
 K - 66 arrows
Armour
 l - a +1 pair of gloves of dexterity (worn)
 q - a +0 helmet (worn)
 I - a +1 leather armour of fire resistance (worn)
Jewellery
 n - an amulet of regeneration (around neck)
 p - a +6 ring of intelligence (right hand)
 s - an uncursed amulet of the gourmand
 B - a ring of flight (left hand)
 M - an uncursed amulet of magic regeneration
Wands
 b - a wand of polymorph (10/24)
 g - a wand of polymorph (5/24)
 j - a wand of random effects (21/48)
 o - a wand of disintegration (16/24)
 G - a wand of lightning (12/15)
 N - a wand of acid (8/15)
Scrolls
 f - 5 scrolls of teleportation
 i - 6 scrolls of identify
 k - 3 scrolls of magic mapping
 u - a scroll of blinking
 x - 2 scrolls of fear
 y - 5 scrolls of remove curse
 A - a scroll of noise
 C - a scroll of amnesia
Potions
 a - a potion of lignification {unknown}
 e - a potion of curing
 m - a potion of agility
 v - a potion of might
 w - 2 potions of resistance
 z - a potion of magic
 F - a potion of brilliance
Books
 c - a book of Battle

   Spells                             Type                      Level
   a - Infusion                       Charms                       1
   b - Shroud of Golubria             Charms/Translocation         2
   c - Song of Slaying                Charms                       2
   d - Spectral Weapon                Hexes/Charms                 3
   e - Regeneration                   Charms/Necromancy            3
 r - a book of Maledictions

   Spells                             Type                      Level
   a - Corona                         Hexes                        1
   b - Ensorcelled Hibernation        Hexes/Ice                    2
   c - Confuse                        Hexes                        3
   d - Tukima's Dance                 Hexes                        3
   e - Dazzling Spray                 Conjuration/Hexes            3
Comestibles
 d - 4 bread rations
 h - 5 royal jellies
 E - a fruit


   Skills:
 * Level 8.0 Fighting
 + Level 8.2 Axes
 + Level 3.8 Armour
 + Level 4.6 Dodging
 + Level 1.3 Stealth
 + Level 0.6 Unarmed Combat
 * Level 6.6 Spellcasting
 + Level 0.6 Hexes
 + Level 4.9 Charms
 + Level 0.4 Necromancy
 + Level 2.1 Translocations


You had 11 spell levels left.
You knew the following spells:

 Your Spells              Type           Power        Failure   Level  Hunger
a - Infusion              Chrm           ####         1%          1    None
b - Song of Slaying       Chrm           ####....     1%          2    None
c - Shroud of Golubria    Chrm/Tloc      ###.......   4%          2    None
d - Regeneration          Chrm/Necr      ###.......   12%         3    #......
e - Spectral Weapon       Hex/Chrm       ###.....     12%         3    #......


Dungeon Overview and Level Annotations

Branches:
Dungeon (8/15)             Temple (1/1) D:5            Lair (1/6) D:8

Altars:
Ashenzari
Cheibriados
Dithmenos
Elyvilon
Fedhas
Gozag
Hepliaklqana
Kikubaaqudgha
Makhleb
Nemelex Xobeh
Okawaru
Qazlal
Ru
Sif Muna
Trog
Uskayaw
Vehumet
Wu Jian
Xom
Yredelemnul
Zin
The Shining One

Shops:
D:5 ?%?!%


Innate Abilities, Weirdness & Mutations

You have hooves in place of feet.
You are surrounded by a moderate repulsion field. (EV +3)
Your flesh is heat resistant. (rF+)


Message History

The polar bear misses you. x3
Your skin stops crawling.
The polar bear bites you!
The polar bear claws you but does no damage. x2
The polar bear closely misses you.
The polar bear claws you but does no damage. x2
The polar bear rages.
The polar bear bites you!
* * * LOW HITPOINT WARNING * * *
The polar bear barely misses you. x2
Okay, then.
You feel agile all of a sudden.
The polar bear completely misses you. x2; The polar bear misses you.
The polar bear bites you but does no damage.
The polar bear claws you.
* * * LOW HITPOINT WARNING * * *
The polar bear misses you. The polar bear closely misses you.
The polar bear completely misses you. x2
The polar bear bites you!!
You die...

. #. .. .# .. ### ### .#
##########.#######.###.#
#........h..............
#......@h.h.............
#....##.#######.###.####
#.. ### ####P.# # ##.#
#..# #....# ##.# #....#
#h# #....# #.#### #....#
#.....


You could see 3 polar bears.

Vanquished Creatures
  A two-headed ogre (D:8)
  The ghost of tilp the Carver, a novice MiBe of Trog (D:6)
  Pikel (D:6)
  A polar bear (Lair:1)
  Grinder (D:5)
  2 hippogriffs (D:7)
  A wyvern (D:8)
  Eustachio (D:6)
  A steam dragon (D:8)
  2 orc warriors (D:6)
  A sky beast (D:6)
  2 ice beasts (D:6)
  3 centaurs
  3 black bears
  4 phantoms
  2 ogres
  A crocodile (Lair:1)
  2 big kobolds (D:8)
  2 bullfrogs
  A water moccasin zombie (D:6)
  A scorpion (D:4)
  6 wights
  2 howler monkeys
  4 crimson imps
  2 bullfrog zombies (D:6)
  A hound (D:6)
  5 orc priests
  4 orc wizards
  2 bullfrog skeletons
  3 iguanas
  3 worker ants
  A killer bee zombie (D:7)
  A hound skeleton (D:8)
  4 worker ant zombies
  5 gnolls (D:6)
  10 adders
  A shadow imp (D:7)
  An ooze (D:1)
  An adder zombie (D:5)
  An adder skeleton (D:4)
  A worm (D:2)
  4 dart slugs
  9 leopard geckos
  32 orcs
  5 giant cockroaches
  13 goblins
  17 hobgoblins
  17 jackals
  23 kobolds
  4 quokkas
  3 ball pythons
  6 bats
  4 frilled lizards
  2 quokka zombies (D:6)
  3 rats
234 creatures vanquished.

Vanquished Creatures (others)
  4 slaves (D:6)
  An orc wizard (D:6)
  3 orcs
  A plant (Lair:1)
9 creatures vanquished.

Grand Total: 243 creatures vanquished

Notes
Turn   | Place    | Note
-------+----------+-------------------------------------------
     0 | D:1      | umky the Demonspawn Skald began the quest for the Orb.
     0 | D:1      | Reached XP level 1. HP: 16/16 MP: 3/3
   135 | D:1      | Gained mutation: Your flesh is heat resistant. (rF+) [demonic ancestry]
   135 | D:1      | Reached XP level 2. HP: 19/22 MP: 5/5
   214 | D:1      | Reached skill level 1 in Armour
   546 | D:1      | Reached XP level 3. HP: 25/27 MP: 6/6
  1429 | D:2      | Reached XP level 4. HP: 30/34 MP: 5/7
  2066 | D:3      | Found a deep blue altar of Sif Muna.
  2127 | D:3      | Noticed a bullfrog
  2143 | D:3      | Killed a bullfrog
  2143 | D:3      | Gained mutation: You have large cloven feet. [demonic ancestry]
  2143 | D:3      | Reached XP level 5. HP: 31/39 MP: 4/9
  3186 | D:4      | Noticed a phantom
  3310 | D:5      | Entered Level 5 of the Dungeon
  3475 | D:5      | Found Fasmaa's Magic Scroll Shoppe.
  3503 | D:5      | Bought a scroll of identify for 26 gold pieces
  3503 | D:5      | Bought 2 scrolls of identify for 52 gold pieces
  3503 | D:5      | Bought a scroll of identify for 26 gold pieces
  3503 | D:5      | Bought a scroll of identify for 26 gold pieces
  3514 | D:5      | Found Qicacuobb's Food Shop.
  3550 | D:5      | Noticed Grinder
  3559 | D:5      | Paralysed by Grinder for 3 turns
  3564 | D:5      | Found Dinnurosk's Food Boutique.
  3655 | D:5      | Found Kam Tesh's Magic Scroll Shoppe.
  3661 | D:5      | Bought a scroll of identify for 24 gold pieces
  3661 | D:5      | Bought a scroll of remove curse for 36 gold pieces
  3677 | D:5      | Learned a level 2 spell: Song of Slaying
  3928 | D:5      | Gained mutation: You have hoof-like feet. [demonic ancestry]
  3928 | D:5      | Reached XP level 6. HP: 16/47 MP: 5/10
  4002 | D:5      | Paralysed by Grinder for 3 turns
  4013 | D:5      | Paralysed by Grinder for 4 turns
  4130 | D:5      | Bought a scroll of teleportation for 39 gold pieces
  4141 | D:5      | Learned a level 2 spell: Shroud of Golubria
  4160 | D:5      | Found Afaunwoq's Distillery.
  4203 | D:5      | Killed Grinder
  4392 | D:5      | Reached XP level 7. HP: 11/54 MP: 7/11
  5403 | D:5      | Found a staircase to the Ecumenical Temple.
  5422 | Temple   | Entered the Ecumenical Temple
  5728 | Temple   | Became a worshipper of the Wu Jian Council
  5840 | D:4      | Reached skill level 1 in Stealth
  5975 | D:4      | Found a sacrificial altar of Ru.
  6126 | D:4      | Reached skill level 5 in Fighting
  6126 | D:4      | Gained mutation: You have hooves in place of feet. [demonic ancestry]
  6126 | D:4      | Reached XP level 8. HP: 60/62 MP: 6/13
  6586 | D:4      | Reached skill level 5 in Axes
  6645 | D:6      | Noticed Eustachio
  6768 | D:6      | Killed Eustachio
  6826 | D:6      | Reached * piety under Wu Jian
  6882 | D:6      | Noticed Pikel
  6932 | D:6      | Killed Pikel
  6932 | D:6      | Reached skill level 5 in Spellcasting
  6932 | D:6      | Reached skill level 1 in Translocations
  6959 | D:6      | Gained mutation: You are surrounded by a mild repulsion field. (EV +2) [demonic ancestry]
  6959 | D:6      | Reached XP level 9. HP: 16/69 MP: 10/16
  7431 | D:6      | Reached ** piety under Wu Jian
  7889 | D:6      | Noticed tilp's ghost (novice MiBe)
  8093 | D:6      | Killed tilp's ghost
  8652 | D:5      | Bought a scroll of teleportation for 36 gold pieces
  8652 | D:5      | Bought a scroll of teleportation for 36 gold pieces
  8652 | D:5      | Bought a scroll of teleportation for 36 gold pieces
  8734 | D:7      | Found a hazy altar of Hepliaklqana.
  9032 | D:7      | Reached *** piety under Wu Jian
  9032 | D:7      | Gained mutation: You are surrounded by a moderate repulsion field. (EV +3) [demonic ancestry]
  9032 | D:7      | Reached XP level 10. HP: 62/79 MP: 19/19
  9339 | D:7      | Found a bloodstained altar of Trog.
  9340 | D:7      | Found an iron altar of Okawaru.
  9366 | D:7      | Learned a level 3 spell: Regeneration
  9370 | D:7      | Learned a level 3 spell: Spectral Weapon
  9488 | D:7      | Found a stormy altar of Qazlal.
  9489 | D:7      | Found an opulent altar of Gozag.
  9808 | D:8      | Noticed a two-headed ogre
  9872 | D:8      | Killed a two-headed ogre
  9880 | D:8      | Found a staircase to the Lair.
 10586 | Lair:1   | Entered Level 1 of the Lair of Beasts
 10679 | Lair:1   | HP: 4/80 [polar bear (5)]
 10743 | Lair:1   | Slain by a polar bear

Vault maps used:
D:1:      dpeg_arrival_pond, minmay_box_of_dots
D:3:      lemuel_doored_altar, first_bread
D:4:      nicolae_ru_great_annihilating_truth, eino_tiny_chamber
D:5:      cheibrodos_quashed, minmay_temple_entry_enclosed_plants, serial_shops,
          nicolae_shop_temple_entry_statues_fountains, shop,
          nicolae_shop_waterfront, nicolae_shop_stone, shop, uniq_grinder
D:6:      corexii_shantytown, uniq_pikel, uniq_eustachio
D:7:      grunt_temple_overflow_bloody_war, gammafunk_temple_overflow_statue,
          nicolae_overflow_crystal_walls
Temple:   regret_index_temple_generic_petals
Lair:1:   beast_lair_carwin_large_2, gammafunk_lair_bear_cave,
          serial_bayou_shore_a

Skill      XL: |  1  2  3  4  5  6  7  8  9 10 |
---------------+-------------------------------+-----
Charms         | 3 4 |  4.9
Axes           | 2 3 4 5 7 8 |  8.2
Armour         | 1 2 3 |  3.8
Dodging        | 2 3 4 |  4.6
Fighting       | 3 4 5 6 7 8 |  8.0
Spellcasting   | 3 5 6 |  6.6
Stealth        | 1 |  1.3
Translocations | 1 2 |  2.1
Unarmed Combat | |  0.6
Hexes          | |  0.6
Necromancy     | |  0.4

Action                   |  1- 3 |  4- 6 |  7- 9 | 10-12 || total
-------------------------+-------+-------+-------+-------++-------
Melee: Hand axe          |   130 |   365 |   605 |       ||  1100
       Kick              |       |    81 |   211 |    51 ||   343
       Unarmed           |       |     6 |       |       ||     6
       War axe           |       |       |   209 |   188 ||   397
       Punch             |       |       |     2 |       ||     2
 Cast: Infusion          |     2 |     3 |    18 |       ||    23
       Shroud of Golubri |       |     1 |    23 |     8 ||    32
       Song of Slaying   |       |       |     7 |     1 ||     8
       Regeneration      |       |       |       |     3 ||     3
       Spectral Weapon   |       |       |       |     3 ||     3
  Use: Scroll            |       |    16 |     5 |     2 ||    23
       Potion            |       |     4 |     1 |     2 ||     7
 Stab: Sleeping          |       |       |     1 |       ||     1
  Eat: Chunk             |     1 |     7 |     7 |     5 ||    20
       Bread ration      |       |     1 |     2 |       ||     3
       Fruit             |       |       |       |     1 ||     1
Armor: Scale mail        |    59 |     4 |       |       ||    63
       Chain mail        |       |   175 |       |       ||   175
       Leather armour    |       |    37 |   199 |    73 ||   309
       Skin              |       |     1 |       |       ||     1
Dodge: Dodged            |    78 |   170 |   517 |   218 ||   983
